 Dungeon Crawl Stone Soup version 0.26.1-11-gd32895ea62 (webtiles) character file.

Game seed: 784133588234715801

204 promet the Magician (level 5, 0/28 HPs)
             Began as a Deep Elf Air Elementalist on May 26, 2021.
             Slain by an ogre
             ... wielding a +0 giant club
              (12 damage)
             ... on level 4 of the Dungeon.
             The game lasted 00:19:33 (3903 turns).

promet the Magician (Deep Elf Air Elementalist)     Turns: 3903, Time: 00:19:35

Health: 0/28       AC:  3    Str:  4 (6)  XL:     5   Next: 52%
Magic:  8/13       EV: 17    Int: 18 (20) God:
Gold:   102        SH:  0    Dex: 12 (15) Spells: 7/13 levels left

rFire    . . .     SeeInvis .   a - +0 rapier
rCold    . . .     Faith    .   (no shield)
rNeg     . . .     Spirit   .   c - +0 robe
rPois    .         Reflect  .   m - +1 hat
rElec    .         Harm     .   (no cloak)
rCorr    .         Rampage  .   (no gloves)
Will     .....                  (no boots)
Stlth    ++........             (no amulet)
HPRegen  0.09/turn              n - +4 ring of evasion
MPRegen  0.13/turn              (no ring)

@: sluggish, very slow
A: no striking features
a: no special abilities


You were on level 4 of the Dungeon.
You visited 1 branch of the dungeon, and saw 4 of its levels.

You collected 102 gold pieces.

Inventory:

Hand Weapons
 a - a +0 rapier (weapon)
 b - a +1 hunting sling of flaming
 h - a +0 whip
 r - a +0 hunting sling
Missiles
 j - 60 stones
 k - 16 arrows
 o - 32 sling bullets
Armour
 c - a +0 robe (worn)
 m - a +1 hat (worn)
 u - a +0 leather armour
Magical Staves
 t - an uncursed staff of poison
Jewellery
 n - a +4 ring of evasion (left hand)
Scrolls
 g - 2 scrolls of remove curse
 i - a scroll of identify
 l - a scroll of magic mapping
Potions
 d - a potion of flight
 e - a potion of curing
 f - 3 potions of heal wounds
 p - a potion of mutation {unknown}


   Skills:
 + Level 0.3 Fighting
 + Level 0.9 Short Blades
 + Level 2.9 Dodging
 + Level 3.1 Stealth
 + Level 4.6 Spellcasting
 + Level 2.9 Conjurations
 + Level 4.1 Air Magic
 * Level 0.9 Evocations


You had 7 spell levels left.
You knew the following spells:

 Your Spells              Type           Power        Failure   Level
a - Shock                 Conj/Air       64%          3%          1
b - Swiftness             Air            19%          3%          2
c - Static Discharge      Conj/Air       16%          10%         3

Your spell library contained the following spells:

 Spells                   Type           Power        Failure   Level
 Airstrike                Air            9%           26%         4
 Lightning Bolt           Conj/Air       8%           65%         5


Dungeon Overview and Level Annotations

Branches:
Dungeon (4/15)
 Temple: D:4-7

Altars:

Annotations:
D:4 3 runed translucent doors, MummyDearest's ghost, amateur HOBe


Message History

The zap hits the ogre.
The ogre is lightly wounded.
You feel sluggish.
Casting: Shock (safe; 3% risk of failure)
Confirm with . or Enter, or press ? or * to list all spells.
Aiming: Shock (safe; 3% risk of failure)
Press: ? - help, Shift-Dir - straight line, f/p - ogre
Aim: an ogre, wielding a +0 giant club (lightly wounded, 14% to evade)
The zap hits the ogre.
The ogre is moderately wounded.
The ogre barely misses you.
Casting: Shock (safe; 3% risk of failure)
Confirm with . or Enter, or press ? or * to list all spells.
Aiming: Shock (safe; 3% risk of failure)
Press: ? - help, Shift-Dir - straight line, f/p - ogre
Aim: an ogre, wielding a +0 giant club (moderately wounded, 14% to evade)
The zap hits the ogre.
The ogre is moderately wounded.
The ogre hits you with a +0 giant club!
You die...

#........# #.##.##
##.†.....# #.#...#
##......# ##.#.P.#
##.....# #..#...#
##....# #..##.### ###..#
##.#.....## #####..#
...#......#######......#
..........##...O@...####
.##.............##### #
####..######### ####


You could see an ogre.

Vanquished Creatures
  A scorpion (D:3)
  Jessica (D:2)
  4 adders
  A worm (D:2)
  5 dart slugs
  4 leopard geckos
  2 orcs
  2 giant cockroaches
  10 goblins
  10 hobgoblins
  10 jackals
  A quokka (D:3)
  5 bats (D:2)
  3 frilled lizards (D:2)
  7 kobolds
  6 rats
72 creatures vanquished.

Notes
Turn   | Place    | Note
-------+----------+-------------------------------------------
     0 | D:1      | promet the Deep Elf Air Elementalist began the quest for
                  | the Orb.
     0 | D:1      | Reached XP level 1. HP: 10/10 MP: 6/6
   254 | D:1      | Reached XP level 2. HP: 11/15 MP: 0/8
  1158 | D:1      | Reached XP level 3. HP: 19/19 MP: 5/10
  1299 | D:2      | Noticed Jessica
  2042 | D:2      | Reached XP level 4. HP: 24/24 MP: 7/11
  2045 | D:2      | Learned a level 2 spell: Swiftness
  2527 | D:2      | Killed Jessica
  3082 | D:3      | Reached XP level 5. HP: 28/28 MP: 8/13
  3306 | D:3      | Learned a level 3 spell: Static Discharge
  3743 | D:4      | Found a runed translucent gate.
  3743 | D:4      | Found a runed translucent gate.
  3743 | D:4      | Found a runed translucent gate.
  3763 | D:4      | Noticed MummyDearest's ghost (amateur HOBe)
  3879 | D:4      | Noticed an ogre
  3903 | D:4      | Slain by an ogre

Illustrated notes

Levels and vault maps discovered:
D:1:      mrwooster_arrival_statue_3, layout_basic, serial_bayou_pond_e,
          minmay_large_rounded_square
D:2:      layout_loops_ring, uniq_jessica
D:3:      layout_rooms
D:4:      layout_cave_pods, elyvilon_altar_1, nicolae_qazlal_style_of_elements,
          chequers_temple_overflow_statue_of_worship, ebering_ghost_rock_garden,
          serial_shops, shop, uniq_ijyb

Skill      XL: |  1  2  3  4 |
---------------+-------------+-----
Conjurations   | 2 |  2.9
Spellcasting   | 4 |  4.6
Stealth        | 3 |  3.1
Air Magic      | 4 |  4.1
Fighting       | |  0.3
Short Blades   | |  0.9
Dodging        | |  2.9
Evocations     | |  0.9

Action                   |  1- 3 |  4- 6 || total
-------------------------+-------+-------++-------
Melee: Club              |     9 |       ||     9
       Dagger            |    39 |    23 ||    62
       Short sword       |       |     1 ||     1
       Staff             |       |    11 ||    11
       Rapier            |       |     9 ||     9
 Cast: Shock             |    76 |    58 ||   134
       Swiftness         |       |     3 ||     3
  Use: Scroll            |     5 |     5 ||    10
       Potion            |     3 |     4 ||     7
 Stab: Sleeping          |     1 |       ||     1
Armor: Robe              |    15 |     5 ||    20
Dodge: Dodged            |    59 |    50 ||   109
